 Dungeon Crawl Stone Soup version 0.29.0-4-gdea44cf6ec (webtiles) character file.

Game seed: 15487991347688265194

165 qw the Chopper (level 5, -4/30 HPs)
             Began as a Tengu Warper on Aug 28, 2022.
             Slain by an ogre
             ... wielding a +0 giant club
              (34 damage)
             ... on level 5 of the Dungeon.
             The game lasted 00:00:12 (2580 turns).

qw the Chopper (Tengu Warper)                       Turns: 2580, Time: 00:00:13

Health: -4/30      AC:  5    Str: 13    XL:     5   Next: 46%
Magic:  9/9        EV: 14    Int: 13    God:
Gold:   133        SH:  0    Dex: 14    Spells: 8/8 levels left

rFire   x . .      SeeInvis +   Y - +0 hand axe
rCold   . . .      Faith    .   (no shield)
rNeg    + + .      Spirit   .   c - +1 leather armour of Complete Protection {rElec rF- rN++ SInv}
rPois   .          Reflect  .   (helmet restricted)
rElec   +          Harm     .   (no cloak)
rCorr   .          Rampage  .   i - +0 pair of gloves
Will    .....                   (boots unavailable)
Stlth   +.........              (no amulet)
HPRegen 0.10/turn               (no ring)
MPRegen 0.11/turn               (no ring)

@: flying quickly and evasively, quick
A: beak, talons 3, nimble flight
a: no special abilities


You were on level 5 of the Dungeon.
You visited 1 branch of the dungeon, and saw 4 of its levels.

You collected 133 gold pieces.


Innate Abilities, Weirdness & Mutations

You have a beak for a mouth.
You have claws for feet.
Your magical nature lets you fly swiftly and evasively.


   Skills:
 - Level 2.0 Fighting
 + Level 6.0 Axes
 - Level 1.0 Throwing
 - Level 1.1 Armour
 - Level 2.1 Dodging
 - Level 2.0 Spellcasting
 - Level 2.4 Translocations


You had 8 spell levels left.
You didn't know any spells.
Your spell library contained the following spells:

 Spells                   Type           Power      Damage    Failure   Level
 Blink                    Tloc           14%        N/A       19%         2
 Gell's Gravitas          Tloc           7%         N/A       36%         3
 Lesser Beckoning         Tloc           7%         N/A       36%         3
 Teleport Other           Tloc           7%         N/A       36%         3
 Manifold Assault         Tloc           7%         N/A       98%         5

Inventory:

Hand Weapons
 k - a +0 whip
 Y - a +0 hand axe (weapon)
Missiles
 l - 5 boomerangs (quivered)
Armour
 c - the +1 leather armour of Complete Protection (worn) {rElec rF- rN++ SInv}
   (You found it on level 2 of the Dungeon)

   rF:        It makes you vulnerable to fire.
   rElec:     It insulates you from electricity.
   rN:        It greatly protects you from negative energy.
   SInv:      It lets you see invisible.
 i - a +0 pair of gloves (worn)
 m - a +0 ring mail
Scrolls
 f - a scroll of identify
Potions
 a - a potion of berserk rage {unknown}
 b - a potion of mutation {unknown}
 d - a potion of haste {unknown}
 e - 2 potions of degeneration {unknown}
 g - a potion of might {unknown}
 h - a potion of resistance {unknown}
 j - 2 potions of curing

Dungeon Overview and Level Annotations

Branches:
Dungeon (3/15)

Altars:

Annotations:
D:3 Grinder
D:5 Dowan, Duvessa


Message History

HP restored.
You see here a +0 giant spiked club.
A gnoll comes into view. It is wielding a +0 halberd.
The gnoll shouts!
Enter note:
2574 ||| Stepping ~*~*~tactically~*~*~ (hiding).
An orc and an orc priest come into view.
An orc comes into view. It is wielding a +0 hand axe.
The orc priest moves out of view.
2575 ||| Stepping ~*~*~tactically~*~*~ (stealth).
A gnoll and an ogre come into view.
The gnoll shouts!
You hear a shout! x2
Found a club and a hand axe.
The orc shouts! x2; The orc priest shouts!
Duvessa, Sister of Dowan comes into view.
She is wielding a +0 short sword and wearing a +2 scale mail of cold resistance.
An orc comes into view. It is wielding a +0 dagger.
The gnoll closely misses you. The gnoll misses you.
A gnoll comes into view. It is wielding a +0 spear.
An orc comes into view.
It is wielding a +0 hand axe and wearing a +0 ring mail of cold resistance.
Duvessa shouts!
The gnoll shouts!
You hit the ogre but do no damage. You peck the ogre.
You punch the ogre, but do no damage.
The ogre is lightly wounded.
You hit the gnoll.
Dowan, Brother of Duvessa comes into view.
He is wielding a +0 dagger.
The orc priest looks satisfied for a moment.
The gnoll barely misses you. The ogre misses you.
You closely miss the ogre.
The ogre is lightly wounded.
Dowan shouts!
You hit the gnoll. The gnoll closely misses you.
You hit the gnoll. Your kick misses the gnoll.
The gnoll is severely wounded.
You hit the ogre.
An adder comes into view.
The ogre hits you with a +0 giant club!!
Ouch! That really hurt!
You die...

#.# ... ##.## ..
###...### ###.###
###...#.... . #.....#
#...#..)### ..#.....#
##...##.##
........#####..#.....#
........##.....#.....#
.....gO@...#.###.....#
......g.##...# #.....#
......oo##...#...>...#
....o...#............#
.)g#...o.............#
...e..#o.....#.......#
........##.....#..
.S.)...#...#.#### ...
.....#


You could see Duvessa, an ogre, an orc priest, 3 gnolls, an adder (wandering)
and 4 orcs.

Vanquished Creatures
  An ogre (D:5)
  A jelly (D:5)
  A worm (D:2)
  A dart slug (D:2)
  6 ball pythons
  5 endoplasms
  A giant cockroach (D:1)
  7 goblins
  3 hobgoblins (D:2)
  3 kobolds
  3 quokkas (D:1)
  4 bats
  2 frilled lizards (D:1)
  3 rats
41 creatures vanquished.

Vanquished Creatures (others)
  5 fungi (D:2)
5 creatures vanquished.

Grand Total: 46 creatures vanquished

Notes
Turn   | Place    | Note
-------+----------+-------------------------------------------
     0 | D:1      | qw the Tengu Warper began the quest for the Orb.
     0 | D:1      | Reached XP level 1. HP: 12/12 MP: 4/4
     0 | D:1      | 0 ||| qw: Version: 0.1-a-89-g26bdef1
     0 | D:1      | 0 ||| qw: Game counter: 1541
     0 | D:1      | 0 ||| qw: Always use a shield: true
     0 | D:1      | 0 ||| qw: God list: Okawaru
     0 | D:1      | 0 ||| qw: Allow faded altars: false
     0 | D:1      | 0 ||| qw: Do Orc after D:15 true
     0 | D:1      | 0 ||| qw: Do second Lair branch before Depths: true
     0 | D:1      | 0 ||| qw: Lair rune preference: random
     0 | D:1      | 0 ||| qw: Plans: Normal
     0 | D:1      | 0 ||| PLANNING D:1-11
    66 | D:1      | 66 ||| Stepping ~*~*~tactically~*~*~ (stealth).
    68 | D:1      | 68 ||| Stepping ~*~*~tactically~*~*~ (stealth).
    72 | D:1      | Reached XP level 2. HP: 17/17 MP: 6/6
   119 | D:1      | 119 ||| Stepping ~*~*~tactically~*~*~ (stealth).
   121 | D:1      | 121 ||| Stepping ~*~*~tactically~*~*~ (stealth).
   127 | D:1      | Reached skill level 3 in Axes
  1035 | D:1      | Reached XP level 3. HP: 20/21 MP: 7/7
  1535 | D:1      | 1535 ||| UPGRADING to +0 ring mail.
  1545 | D:1      | 1545 ||| DROPPING +0 leather armour.
  1546 | D:1      | 1546 ||| READING scroll labelled LOZIUXZ URRIUR.
  1547 | D:1      | 1547 ||| READING 2 scrolls labelled CAILOTOHYKH.
  1548 | D:1      | 1548 ||| READING scroll labelled KABISMOAT.
  1549 | D:1      | 1549 ||| READING scroll labelled ASEMAS BUOFUO.
  1550 | D:1      | 1550 ||| DRINKING 3 smoky brown potions.
  1551 | D:1      | 1551 ||| DROPPING scroll of blinking.
  1585 | D:2      | Reached skill level 4 in Axes
  1740 | D:2      | Identified the +1 leather armour of Complete Protection
                  | {rElec rF- rN++ SInv}
  1813 | D:2      | 1813 ||| DROPPING +0 club.
  1846 | D:2      | Identified the +4 sling of Nyntifu {freeze, rN+}
  2006 | D:2      | 2006 ||| Stepping ~*~*~tactically~*~*~ (stealth).
  2007 | D:2      | 2007 ||| Stepping ~*~*~tactically~*~*~ (stealth).
  2272 | D:2      | 2272 ||| UPGRADING to +1 leather armour of Complete
                  | Protection {rElec rF- rN++ SInv}.
  2282 | D:2      | 2282 ||| DROPPING orb of wrath.
  2283 | D:2      | 2283 ||| UPGRADING to +0 pair of gloves.
  2329 | D:3      | Noticed Grinder
  2333 | D:3      | You fall into a shaft and drop 2 floors!
  2333 | D:5      | Entered Level 5 of the Dungeon
  2345 | D:5      | Reached XP level 4. HP: 24/26 MP: 8/8
  2403 | D:5      | Noticed an ogre
  2409 | D:5      | Killed an ogre
  2410 | D:5      | Reached skill level 6 in Axes
  2410 | D:5      | Gained mutation: Your magical nature lets you fly swiftly
                  | and evasively. [Tengu growth]
  2410 | D:5      | Reached XP level 5. HP: 15/30 MP: 9/9
  2574 | D:5      | 2574 ||| Stepping ~*~*~tactically~*~*~ (hiding).
  2575 | D:5      | 2575 ||| Stepping ~*~*~tactically~*~*~ (stealth).
  2575 | D:5      | Noticed an ogre
  2576 | D:5      | Noticed Duvessa
  2578 | D:5      | Noticed Dowan
  2580 | D:5      | Slain by an ogre

Levels and vault maps discovered:
D:1:      minmay_arrival_semitransparent, layout_basic
D:2:      layout_basic, dreamdust_mushroom_princess, lemuel_another_geyser
D:3:      layout_basic, uniq_grinder
D:5:      layout_rooms, gammafunk_ghost_stat_death, minmay_misc_feat_tower,
          uniq_prince_ribbit1, uniq_ijyb, uniq_duvessa

Skill      XL: |  1  2  3  4 |
---------------+-------------+-----
Axes           | 3 4 6 |  6.0
Fighting       | |  2.0
Throwing       | |  1.0
Armour         | |  1.1
Dodging        | |  2.1
Spellcasting   | |  2.0
Translocations | |  2.4

Action                   |  1- 3 |  4- 6 || total
-------------------------+-------+-------++-------
Melee: Hand axe          |    85 |     6 ||    91
       Kick              |    18 |     2 ||    20
       Peck              |    15 |     1 ||    16
       Punch             |       |     1 ||     1
Throw: Boomerang         |    19 |     2 ||    21
  Use: Scroll            |     4 |       ||     4
       Potion            |     1 |       ||     1
Armor: Leather armour    |    13 |       ||    13
       Ring mail         |     7 |       ||     7
Dodge: Dodged            |    34 |     5 ||    39

Table legend:
 A = Non-vault XP
 B = Vault XP
 C = Vault XP percentage of total XP
 D = Non-vault monster count
 E = Vault monster count
 F = Vault count percentage of total count
                 A         B        C        D         E       F
            +---------+---------+-------+---------+---------+-------
      Total |     236 |       0 |   0.0 |      41 |       0 |   0.0
            +---------+---------+-------+---------+---------+-------
        D:1 |      41 |       0 |   0.0 |      24 |       0 |   0.0
        D:2 |      27 |       0 |   0.0 |      13 |       0 |   0.0
        D:3 |       3 |       0 |   0.0 |       2 |       0 |   0.0
        D:5 |     165 |       0 |   0.0 |       2 |       0 |   0.0
            +---------+---------+-------+---------+---------+-------
